 Dungeon Crawl Stone Soup version 0.22-a0-305-gd21a89c538 (webtiles) character file.

69 Oravi the Bolt Thrower (level 4, -1/26 HPs)
             Began as a Kobold Hunter on Mar 31, 2018.
             Killed by divine providence
             ... invoked by an orc priest
              (17 damage)
             ... on level 4 of the Dungeon.
             The game lasted 00:05:20 (1089 turns).

Oravi the Bolt Thrower (Kobold Hunter)              Turns: 1089, Time: 00:05:21

Health: -1/26      AC:  3    Str: 10    XL:     4   Next: 42%
Magic:  4/4        EV: 17    Int: 12    God:
Gold:   34         SH:  0    Dex: 15    Spells: 3/3 levels left

rFire    . . .     SeeInvis .   a - +1 hand crossbow
rCold    . . .     Gourm    .   (shield restricted)
rNeg     . . .     Faith    .   m - +1 robe {MR+}
rPois    .         Spirit   .   (no helmet)
rElec    .         Reflect  .   (no cloak)
rCorr    .         Harm     .   (no gloves)
MR       +....                  (no boots)
Stlth    ++........             (no amulet)
HPRegen  0.08/turn              (no ring)
MPRegen  0.09/turn              (no ring)

@: no status effects
A: small, carnivore
a: no special abilities


You were on level 4 of the Dungeon.
You were completely stuffed.

You visited 1 branch of the dungeon, and saw 3 of its levels.

You collected 34 gold pieces.

Inventory:

Hand Weapons
 a - a +1 hand crossbow (weapon)
 b - a +0 short sword
Missiles
 d - 17 bolts (quivered)
Armour
 c - a +0 leather armour
 m - a +1 robe of magic resistance (worn)
Jewellery
 q - an uncursed ring of positive energy {unknown}
Wands
 k - a wand of polymorph (4)
Scrolls
 e - 4 scrolls of identify {unknown}
 h - a scroll of teleportation {unknown}
 j - a scroll of fear {unknown}
 o - a scroll of fog {unknown}
 p - a scroll of remove curse {unknown}
Potions
 g - a potion of agility {unknown}
 i - a potion of heal wounds {unknown}
 n - a potion of lignification {unknown}
Comestibles
 f - 3 rations
 l - a chunk of flesh


   Skills:
 - Level 2.1 Fighting
 + Level 2.7 Short Blades
 - Level 5.0 Crossbows
 + Level 4.2 Dodging
 - Level 1.3 Stealth


You had 3 spell levels left.
You didn't know any spells.

Dungeon Overview and Level Annotations

Branches:
Dungeon (2/15)

Altars:
Wu Jian


Innate Abilities, Weirdness & Mutations

You are small and have problems with some larger weapons.
You are carnivorous and can eat meat at any time.


Message History

The orc shouts!
The worker ant twitches its antennae in your direction.
Found 9 gold pieces and a glowing gilded ring.
The orc priest miscasts a cantrip.
Found a ration.
Found a fizzy coppery potion.
The orc priest looks encouraged for a moment.
Found an ornate altar of the Wu Jian Council.
The worker ant barely misses you.
Found a scroll labeled RUIDAY TYPHATI.
You see here a glowing gilded ring.
q - a glowing gilded ring The worker ant misses you.
The orc priest calls down the wrath of Beogh upon you.
Beogh smites you! The worker ant misses you.
The orc priest invokes the aid of Beogh against you.
Beogh smites you!
Ouch! That really hurt!
You die...

...8 #_## #######
#....# #!..# ##..
#.%.# ###... ##..#
#..... ##...##
......####...a@##
......#...o....#
#...............
##...oo##........
##...####.....##..
#...## ##...... .
#.
##....####..####
#o.o##o.........##
#...............


You could see a worker ant, an orc priest, an orc wizard and an orc.

Vanquished Creatures
  Jessica (D:2)
  2 dart slugs (D:1)
  2 leopard geckos (D:2)
  3 bats
  A giant cockroach (D:1)
  4 hobgoblins
  12 jackals (D:1)
  2 frilled lizards
  2 kobolds (D:1)
  4 rats (D:1)
33 creatures vanquished.

Vanquished Creatures (others)
  A goblin (D:2)
  A hobgoblin (D:2)
2 creatures vanquished.

Grand Total: 35 creatures vanquished

Notes
Turn   | Place    | Note
-------+----------+-------------------------------------------
     0 | D:1      | Oravi the Kobold Hunter began the quest for the Orb.
     0 | D:1      | Reached XP level 1. HP: 12/12 MP: 1/1
    28 | D:1      | Reached skill level 5 in Crossbows
    53 | D:1      | Reached XP level 2. HP: 17/17 MP: 2/2
   176 | D:1      | Reached skill level 1 in Short Blades
   198 | D:1      | Reached XP level 3. HP: 21/21 MP: 3/3
   890 | D:2      | Noticed Jessica
   899 | D:2      | Killed Jessica
   899 | D:2      | Reached XP level 4. HP: 23/26 MP: 4/4
  1076 | D:2      | You fall through a shaft for 2 floors!
  1084 | D:4      | Found an ornate altar of the Wu Jian Council.
  1089 | D:4      | Killed from afar by an orc priest

Vault maps used:
D:1:      roderic_dead_forest
D:2:      lemuel_flame_loot_1, uniq_jessica
D:4:      nicolae_overflow_hidden_temple, minmay_temple_entry_glassed_door,
          first_ration, minivault_25, uniq_duvessa, uniq_grinder, uniq_natasha,
          uniq_blork_the_orc

Skill      XL: |  1  2  3 |
---------------+----------+-----
Crossbows      | 5 |  5.0
Dodging        | 3 4 |  4.2
Short Blades   | 1 2 |  2.7
Fighting       | |  2.1
Stealth        | |  1.3

Action                   |  1- 3 |  4- 6 || total
-------------------------+-------+-------++-------
Melee: Short sword       |    68 |       ||    68
       Unarmed           |     2 |       ||     2
 Fire: Hand crossbow     |    46 |     4 ||    50
  Eat: Chunk             |     7 |     2 ||     9
Armor: Leather armour    |    21 |       ||    21
Dodge: Dodged            |    75 |     3 ||    78

Table legend:
 A = Spawn XP
 B = Non-spawn XP
 C = Spawn XP percentage of total XP
 D = Spawn monster count
 E = Non-spawn monster count
 F = Spawn count percentage of total count
 G = Total turns spent on level
                    A         B        C        D         E        F      G
               +---------+---------+-------+---------+---------+-------+---------
         Total |       0 |      99 |   0.0 |       0 |      33 |   0.0 |  1089
               +---------+---------+-------+---------+---------+-------+---------
           D:1 |       0 |      49 |   0.0 |       0 |      26 |   0.0 |   856
           D:2 |       0 |      50 |   0.0 |       0 |       7 |   0.0 |   220
               +---------+---------+-------+---------+---------+-------+---------
